 Dungeon Crawl Stone Soup version 0.31-a0-771-g505c3d19dc (webtiles) character file.

Game seed: 12123216802813788251

807 ryw the Changeling (level 7, -1/27 HPs)
             Began as a Felid Shapeshifter on Sept 16, 2023.
             Was a Follower of Hepliaklqana.
             Slain by an orc warrior
             ... wielding a +0 morningstar
              (12 damage)
             ... on level 7 of the Dungeon.
             The game lasted 00:13:34 (5532 turns).

ryw the Changeling (Felid Shapeshifter)             Turns: 5532, Time: 00:13:34

Health: -1/27      AC:  2    Str: 12    XL:     7   Next: 60%
Magic:  5/12       EV: 17    Int: 18    God:    Hepliaklqana [*.....]
Gold:   183        SH:  0    Dex: 15    Spells: 6/12 levels left
                                        Lives:  0   Deaths: 3

rFire   . .          .
                       - Unarmed
rCold   + . .        (shield unavailable)
rNeg    . . .        (body armour unavailable)
rPois   .            (helmet unavailable)
rElec   .            (cloak unavailable)
rCorr   .            (gloves unavailable)
SInv    +            (boots unavailable)
Will    +....        r - amulet of regeneration
Stlth   +            u - ring of the Nurturing Hero {rC+ Int+6}
HPRegen 1.04/turn    (no ring)
MPRegen 0.13/turn

%: no passive effects
@: about to teleport, beast-form, very slightly contaminated, quick
A: beast (slay +3), reduced essence, very small, claws 1, fangs 3, see
invisible, speed 1, shaggy fur 2, stealthy paws, no weapons or thrown items, no
armour, multi-lived
a: Begin Untransformation, Renounce Religion, Recall Ancestor, Ancestor Identity


You were on level 7 of the Dungeon.
You worshipped Hepliaklqana.
Hepliaklqana was aware of your devotion.
You were a hulking beast.
You visited 2 branches of the dungeon, and saw 8 of its levels.
You also visited: Sewer.

You collected 219 gold pieces.
You spent 36 gold pieces at shops.

Inventory:

Jewellery
 r - an amulet of regeneration (around neck)
 u - the ring of the Nurturing Hero (left paw) {rC+ Int+6}
   (You found it on level 5 of the Dungeon)

   [ring of intelligence]

   Int+6:     It affects your intelligence (+6).
   rC+:       It protects you from cold.
Talismans
 b - a beast talisman (active)
 c - a flux talisman
Wands
 w - a wand of flame (13)
 x - a wand of paralysis (9)
Scrolls
 d - a scroll of immolation {unknown}
 k - a scroll of enchant armour
Potions
 a - a potion of lignification
 e - 2 potions of ambrosia
 f - 4 potions of might
 g - a potion of brilliance
 h - 3 potions of haste {unknown}
 l - a potion of heal wounds {unknown}
 m - a potion of enlightenment {unknown}
 p - a potion of degeneration {unknown}
 q - a potion of resistance {unknown}
 s - 3 potions of attraction
 z - a potion of curing


   Skills:
 - Level 2.0 Fighting
 - Level 3.0 Dodging
 - Level 3.0 Unarmed Combat
 - Level 3.0 Spellcasting
 + Level 2.8 Conjurations
 + Level 3.4 Summonings
 + Level 6.4 Shapeshifting


You had 6 spell levels left.
You knew the following spells:

 Your Spells              Type           Power      Damage    Failure   Level
a - Call Imp              Summ           30%        N/A       6%          2
b - Magic Dart            Conj           48%        1d5       5%          1
c - Call Canine Familiar  Summ           15%        N/A       12%         3

Your spell library contained the following spells:

 Spells                   Type           Power      Damage    Failure   Level
 Summon Small Mammal      Summ           60%        N/A       4%          1
 Summon Guardian Golem    Hex/Summ       8%         N/A       24%         3
 Hailstorm                Conj/Ice       7%         3d4       28%         3
 Mephitic Cloud           Conj/Pois/Air  6%         N/A       32%         3
 Ozocubu's Armour         Ice            2%         N/A       43%         3
 Summon Ice Beast         Ice/Summ       8%         N/A       63%         4
 Metabolic Englaciation   Hex/Ice        1%         N/A       99%         5
 Simulacrum               Ice/Necr       1%         N/A       100%        6


Dungeon Overview and Level Annotations

Branches:
Dungeon (7/15)             Temple (1/1) D:4           Sewer (visited)

Altars:
Ashenzari
Cheibriados
Elyvilon
Fedhas
Gozag
Hepliaklqana
Nemelex Xobeh
Okawaru
Qazlal
Ru
Sif Muna
Wu Jian
Yredelemnul
The Shining One

Shops:
D:6 **(

Annotations:
D:3 Grinder


Innate Abilities, Weirdness & Mutations

You are a hulking beast.
Your limbs bulge with bestial killing power. (Slay +3)
Your life essence is reduced to manifest your ancestor. (-10% HP)
You have sharp claws.
You have razor-sharp teeth.
You have supernaturally acute eyesight. (SInv)
You cover ground quickly. (Speed+)
You are covered in thick fur. (AC +2)
Your paws help you pounce on unaware monsters.
You are incapable of wielding weapons or throwing items.
You cannot wear armour.
You gain extra lives every three experience levels.


Message History

Your cerulean imp hits the orc warrior from afar with a -3 spear.
The wight hits your cerulean imp with a +1 mace!
Your cerulean imp dies!
Your cerulean imp disappears in a puff of smoke!
Casting: Call Imp (safe; 6% risk of failure)
Confirm with . or Enter, or press ? or * to list all spells.
You miscast Call Imp.
You are very lightly contaminated with residual magic.
Nothing appears to happen.
Casting: Call Imp (safe; 6% risk of failure)
Confirm with . or Enter, or press ? or * to list all spells.
You miscast Call Imp.
Nothing appears to happen.
The orc warrior shoots an arrow.
The arrow misses you.
The orc warrior shoots an arrow.
The arrow closely misses you.
The orc warrior shoots an arrow.
The arrow hits you.
Casting: Call Imp (safe; 6% risk of failure)
Confirm with . or Enter, or press ? or * to list all spells.
A tiny devil pulls itself out of the air.
The orc warrior shoots an arrow.
The arrow hits your cerulean imp!
Your cerulean imp dies!
Your cerulean imp disappears in a puff of smoke!
The orc warrior unwields a +0 orcbow.
The orc warrior wields a +0 morningstar.
The orc warrior hits you with a +0 morningstar!!
Ouch! That really hurt!
* * * LOW HITPOINT WARNING * * *
Casting: Call Imp (safe; 6% risk of failure)
Confirm with . or Enter, or press ? or * to list all spells.
A tiny devil pulls itself out of the air.
The orc warrior completely misses you.
The iguana hisses menacingly.
As you read the scroll of teleportation, it crumbles to dust.
You feel strangely unstable. The orc warrior barely misses you.
Your cerulean imp hits the orc warrior but does no damage.
You feel better. The orc warrior barely misses you. The iguana bites you!
Your cerulean imp hits the orc warrior but does no damage.
You scratch the orc warrior.
The orc warrior is severely wounded.
The orc warrior hits you with a +0 morningstar!
You die...

#......##..########
#..#.......#
#.....z.##
#.....ยงยง#
#..#..o.# #.z##.#z#
#.5...#.# ##o#..#l#
#h#..#.# #l#..#.#
#z####.# #.####.#
#....l.# ########


You could see an orc warrior (ally target), an iguana, 2 wights and a friendly
cerulean imp (summoned).

Vanquished Creatures
  A black bear (D:5)
  3 scorpions
  A wight (D:7)
  A jelly (D:5)
  2 hounds
  An orc wizard (D:7)
  4 adders
  2 river rats (Sewer)
  A worm (D:4)
  3 dart slugs
  5 orcs
  6 endoplasms
  2 giant cockroaches
  4 goblins
  8 hobgoblins
  5 jackals
  5 quokkas
  4 ball pythons
  5 bats
  A frilled lizard (D:1)
  A kobold (D:1)
  6 rats
71 creatures vanquished.

Vanquished Creatures (collateral kills)
  A kobold brigand (D:7)
  A scorpion (D:6)
  2 hounds (D:6)
  An iguana (D:7)
  A hell rat (Sewer)
  A river rat (Sewer)
  3 orcs
  A quokka (D:6)
  3 kobolds (D:7)
  4 rats (Sewer)
18 creatures vanquished.

Vanquished Creatures (others)
  4 ancestors
  A kobold (D:7)
5 creatures vanquished.

Grand Total: 94 creatures vanquished

Notes
Turn   | Place    | Note
-------+----------+-------------------------------------------
     0 | D:1      | ryw the Felid Shapeshifter began the quest for the Orb.
     0 | D:1      | Reached XP level 1. HP: 9/9 MP: 2/2
   210 | D:1      | Reached XP level 2. HP: 12/12 MP: 3/3
   268 | D:1      | Reached skill level 4 in Shapeshifting
   963 | D:2      | Reached XP level 3. HP: 15/15 MP: 4/4
  1254 | D:2      | Learned a level 2 spell: Call Imp
  1634 | D:3      | Noticed Grinder
  1878 | D:4      | Noticed a scorpion
  1890 | D:4      | Killed a scorpion
  1891 | D:4      | Reached skill level 1 in Spellcasting
  1891 | D:4      | Reached skill level 1 in Summonings
  1891 | D:4      | Reached skill level 5 in Shapeshifting
  1891 | D:4      | Reached XP level 4. HP: 8/19 MP: 6/6
  2093 | D:4      | Learned a level 1 spell: Magic Dart
  2399 | D:4      | Reached XP level 5. HP: 22/22 MP: 7/7
  2405 | D:4      | Found a staircase to the Ecumenical Temple.
  2577 | Temple   | Entered the Ecumenical Temple
  2620 | Temple   | Became a worshipper of Hepliaklqana the Forgotten
  2985 | D:5      | Entered Level 5 of the Dungeon
  3069 | D:5      | Noticed a black bear
  3217 | D:5      | Identified the ring of the Nurturing Hero {rC+ Int+6}
  3300 | D:5      | Killed a black bear
  3301 | D:5      | Reached skill level 1 in Conjurations
  3301 | D:5      | Gained mutation: You are covered in thick fur. (AC +2)
                  | [Felid growth]
  3301 | D:5      | Reached XP level 6. HP: 8/26 MP: 9/9
  3613 | D:5      | Reached * piety under Hepliaklqana
  3661 | D:5      | Splashed by a jelly's acid
  3978 | D:6      | Found Gusiam's Weapon Boutique.
  3978 | D:6      | Found Kina's General Store.
  3978 | D:6      | Found Ymekh's Assorted Antiques.
  4191 | D:6      | Reached skill level 6 in Shapeshifting
  4225 | D:6      | Reached XP level 7. HP: 24/27 MP: 8/11
  4456 | D:6      | Bought a scroll of teleportation for 36 gold pieces
  4571 | D:6      | Found a glowing drain.
  4581 | Sewer    | Entered a sewer
  5097 | D:7      | Noticed a two-headed ogre
  5281 | D:7      | Slain by a two-headed ogre
  5449 | D:7      | Mangled by an orc warrior
  5478 | D:7      | Learned a level 3 spell: Call Canine Familiar
  5532 | D:7      | Slain by an orc warrior

Illustrated notes

Levels and vault maps discovered:
D:1:      scummos_arrival_simple_crosswalls, layout_loops_corners,
          minmay_misc_feat_rows
D:2:      layout_loops_ring
D:3:      layout_basic, uniq_grinder, uniq_terence
D:4:      layout_basic, minmay_temple_entry_overgrown,
          chequers_serial_rivers_micro_c, dk_vineyard_1, minmay_misc_feat_tiny,
          amcnicky_mini_corridor_feature
D:5:      layout_basic
D:6:      layout_rooms, gup_sewer_entry_bubbles,
          nicolae_shop_distant_corner_stores
D:7:      lemuel_ice_spiral_2, layout_basic, serial_corexii_hall,
          chequers_hall_statues_corner_a, chequers_hall_statues_y,
          skrybe_limestone_x
Temple:   dpeg_chambers_temple

Skill      XL: |  1  2  3  4  5  6  7 |
---------------+----------------------+-----
Shapeshifting  | 4 5 6 |  6.4
Spellcasting   | 1 2 3 |  3.0
Summonings     | 1 2 3 |  3.4
Dodging        | 3 |  3.0
Conjurations   | 1 2 |  2.8
Fighting       | 2 |  2.0
Unarmed Combat | |  3.0

Action                     |  1- 3 |  4- 6 |  7- 9 || total
---------------------------+-------+-------+-------++-------
  Melee: Unarmed           |    95 |    78 |    56 ||   229
         Bite              |     6 |     8 |     4 ||    18
         Punch             |     1 |       |     1 ||     2
   Cast: Call Imp          |       |    11 |    18 ||    29
         Magic Dart        |       |     1 |    14 ||    15
 Invoke: Recall Ancestor   |       |     1 |     5 ||     6
    Use: Potion            |     3 |     2 |     1 ||     6
         Scroll            |       |       |    12 ||    12
   Stab: Sleeping          |     3 |       |       ||     3
         Distracted        |       |     1 |       ||     1
 Armour: Skin              |    30 |    36 |    21 ||    87
  Dodge: Dodged            |    62 |    62 |    57 ||   181

Table legend: (Time is in decaauts)
 A = Elapsed time spent in this place.
 B = Non-inter-level travel time spent in this place.
 C = Inter-level travel time spent in this place.
 D = Time resting spent in this place.
 E = Time spent auto-exploring this place.
 F = Levels seen in this place.
 G = Mean time per level.
                   A        B        C        D        E       F      G
               +--------+--------+--------+--------+--------+-----+--------+
         Total |   4826 |   4629 |    197 |    942 |   2838 |   9 |  536.2 |
       Dungeon |   4415 |   4266 |    149 |    711 |   2789 |   7 |  630.7 |
        Temple |     57 |      9 |     48 |      0 |      0 |   1 |   57.0 |
         Sewer |    354 |    354 |      0 |    231 |     48 |   1 |  354.0 |
               +--------+--------+--------+--------+--------+-----+--------+

Top non-repeatable levels by time:
     D:4: 1120 daAuts
     D:5: 860 daAuts
     D:1: 761 daAuts
     D:6: 702 daAuts
     D:2: 533 daAuts
     D:7: 383 daAuts
   Sewer: 354 daAuts
  Temple: 57 daAuts
     D:3: 54 daAuts
